Map: Tours du crépuscule

Players

miniplie

  • Race: Protoss Protoss
  • League: Silver

pupu - Winner!

  • Race: Protoss Protoss
  • League: Silver

VOD

Have the link to the VOD?

Description

Time

  • Played on: April 10, 2016, 4:43 a.m.
  • Length: 7:40
Show
View Real Time Build Order
Export as new Build Order

miniplie Protoss 

Build Orders: 1 Gate Expand, Oracle Opening 

Get SALT Encoding   

  12  0:01  Probe (Chrono Boost)  
  13  0:11  Probe (Chrono Boost)  
  14  0:18  Pylon  
  14  0:22  Probe (Chrono Boost)  
  15  0:36  Gateway  
  15  0:39  Assimilator  
  15  0:42  Probe (Chrono Boost)  
  16  0:53  Probe (Chrono Boost)  
  17  1:03  Probe (Chrono Boost)  
  18  1:14  Probe (Chrono Boost)  
  19  1:24  Probe (Chrono Boost)  
  20  1:36  Nexus  
  20  1:45  Cybernetics Core  
  20  1:51  Pylon  
  20  1:52  Probe (Chrono Boost)  
  21  2:03  Probe (Chrono Boost)  
  22  2:14  Probe (Chrono Boost)  
  23  2:17  Assimilator  
  23  2:25  Mothership Core (Chrono Boost)  
  25  2:39  Stargate  
  25  2:43  Probe (Chrono Boost)  
  26  2:45  Adept  
  26  2:50  Probe (Chrono Boost)  
  29  2:53  Probe (Chrono Boost)  
  30  3:01  Probe (Chrono Boost)  
  30  3:04  Probe (Chrono Boost)  
  32  3:10  Probe (Chrono Boost)  
  33  3:15  Warp Gate (Chrono Boost)  
  33  3:23  Oracle (Chrono Boost)  
  36  3:34  Gateway  
  36  3:36  Gateway  
  36  3:43  Adept  
  36  3:44  Probe  
  39  3:49  Probe  
  39  3:54  Probe  
  40  3:58  Oracle  
  40  4:01  Probe  
  45  4:05  Probe  
  46  4:57  Pylon  
  46  4:58  Pylon  
  46  5:00  Pylon  
  46  5:02  Pylon  
  46  5:13  Probe  
  46  5:14  Oracle  
  46  5:15  Probe  
  51  5:24  Probe  
  51  5:27  Probe  
  53  5:29  Adept x3  
  53  5:34  Probe, Protoss Air Weapons Level 1 (Chrono Boost)  
  60  5:45  Probe  
  61  5:50  Oracle  
  61  5:55  Probe  
  64  5:58  Pylon  
  64  6:01  Assimilator  
  65  6:05  Assimilator  
  47  6:48  Adept x3  
  47  6:52  Pylon x2  
  50  6:55  Pylon x2  
  50  7:01  Mothership Core  
  52  7:03  Oracle  
  54  7:28  Adept x3  
Show
View Real Time Build Order
Export as new Build Order

pupu Protoss - Winner!

Build Orders: 1 Gate Expand 

Get SALT Encoding   

  12  0:01  Probe (Chrono Boost)  
  13  0:11  Probe (Chrono Boost)  
  14  0:18  Pylon  
  14  0:22  Probe (Chrono Boost)  
  15  0:36  Probe (Chrono Boost)  
  15  0:39  Gateway  
  16  0:47  Probe (Chrono Boost)  
  16  0:49  Assimilator  
  17  0:57  Probe (Chrono Boost)  
  18  1:08  Probe (Chrono Boost)  
  19  1:19  Probe (Chrono Boost)  
  20  1:30  Probe (Chrono Boost)  
  21  1:36  Nexus  
  21  1:50  Cybernetics Core  
  21  1:55  Assimilator  
  21  1:56  Probe (Chrono Boost)  
  22  2:07  Probe (Chrono Boost)  
  23  2:13  Gateway  
  23  2:15  Pylon  
  23  2:25  Gateway  
  23  2:35  Robotics Facility  
  23  2:39  Probe (Chrono Boost)  
  23  2:43  Warp Gate (Chrono Boost)  
  24  2:45  Adept  
  24  2:51  Probe  
  27  2:55  Probe  
  27  2:57  Pylon  
  28  3:04  Adept  
  30  3:13  Pylon  
  30  3:15  Adept  
  32  3:23  Probe, Observer  
  32  3:24  Probe  
  35  3:32  Gateway  
  35  3:34  Probe  
  36  3:47  Warp Prism  
  38  3:52  Stalker  
  38  3:55  Sentry  
  42  3:56  Sentry  
  44  4:20  Probe  
  44  4:22  Probe  
  46  4:30  Immortal  
  45  4:41  Probe  
  45  4:42  Probe  
  46  4:51  Stalker x4  
  54  4:54  Probe  
  54  5:21  Pylon  
  54  5:24  Pylon  
  54  5:26  Pylon  
  54  5:31  Immortal  
  58  5:50  Stalker x2  
  58  5:51  Stalker x2  
  66  6:14  Stalker x2  
  66  6:15  Stalker  
  58  6:40  Stalker x3  
  64  7:04  Stalker x2  
  64  7:06  Zealot x2  
Tags
 
Add a new tag
Caveats
  • Supply blocks, unpowered buildings, or Contaminate may cause inaccurate times.
  • Supply counts are checked every 10 seconds.